 Dungeon Sprint DCSS version 0.17.1-1-g73c8601 (webtiles) character file.

975 Hiddenleafguy the Grappler (level 7, -4/70 HPs)
             Began as a White Draconian Monk on Jan 30, 2016.
             Slain by a demonic crawler (6 damage)
             ... in the Dungeon (Sprint I: "Red Sonja").
             The game lasted 00:05:32 (596 turns).

Hiddenleafguy the Grappler (White Draconian Monk)    Turns: 596, Time: 00:05:32

Health: -4/70      AC:  6    Str: 15    XL:     7   Next: 95%
Magic:  7/7        EV: 17    Int: 11    God:
Gold:   279        SH:  0    Dex: 13    Spells: 0 memorised, 6 levels left

rFire  . . .     SeeInvis .       - Unarmed
rCold  + . .     Clarity  .     (armour unavailable)
rNeg   . . .     SustAt   .     (no shield)
rPois  .         Gourm    .     (helmet restricted)
rElec  .         Spirit   .     (no cloak)
rCorr  .         Warding  .     (no gloves)
rMut   .         NoTele   +     (no boots)
MR     .....                    (no amulet)
Stlth  ++........               (no ring)
                                (no ring)

@: short of breath, not resistant to hostile enchantments, unstealthy
A: breathe frost, unfitting armour, cold resistance 1, cold-blooded, AC +6
a: Breathe Frost


You were in the Dungeon.
You were full.

You visited 1 branch You collected 279 gold pieces.

Inventory:

Scrolls
 g - a scroll of blinking
Potions
 e - 3 potions of magic


   Skills:
 + Level 9.4 Fighting
 + Level 9.1 Dodging
 + Level 4.4 Stealth
 + Level 12.1 Unarmed Combat


You had 6 spell levels left.
You didn't know any spells.

Dungeon Overview and Level Annotations

Branches:
Dungeon (1/1)

Altars:
Cheibriados
Dithmenos
Fedhas
Sif Muna
Vehumet
Jiyva


Innate Abilities, Weirdness & Mutations

You can breathe waves of freezing cold.
You can buffet flying creatures when you breathe cold.
Your icy white scales are hard (AC +6).
Your body does not fit into most forms of armour.
Your flesh is cold resistant.
You are cold-blooded and may be slowed by cold attacks.


Message History

The demonic crawler completely misses you.
The demonic crawler misses you.
You continue eating.
The demonic crawler closely misses you. The demonic crawler misses you.
The demonic crawler hits you.
* * * LOW HITPOINT WARNING * * *
You continue eating.
The demonic crawler hits you.
* * * LOW HITPOINT WARNING * * *
The demonic crawler hits you!
* * * LOW HITPOINT WARNING * * *
The demonic crawler hits you.
* * * LOW HITPOINT WARNING * * *
You finish eating.
That bread ration really hit the spot!
Drink which item? (? for menu, Esc to quit)
Okay, then.
There are monsters nearby!
There are monsters nearby!
The demonic crawler hits you.
You die...

###################
).#.)'..#__#..'..)#
..'..#..'..'..#)..##+#
#'#####'#__####.@sss.#
..# #.####§§#####s.+
### ##.#§≈§.c ##
#+#..§≈§§§ +..._#≈§§§
#_.#+##+# ##+#


You could see 4 demonic crawlers.

Vanquished Creatures
  2 kobold demonologists (D)
  A slime creature (D)
  Sigmund (D)
  An ogre (D)
  Ijyb (D)
  A jelly (D)
  A giant eyeball (D)
8 creatures vanquished.

Vanquished Creatures (others)
  A gargoyle (D)
1 creature vanquished.

Grand Total: 9 creatures vanquished

Notes
Turn   | Place    | Note
--------------------------------------------------------------
     0 | D        | Hiddenleafguy the Draconian Monk began the quest for the Orb.
     0 | D        | Reached XP level 1. HP: 19/19 MP: 1/1
     2 | D        | Noticed Ijyb
    19 | D        | Killed Ijyb
    19 | D        | Reached skill level 5 in Unarmed Combat
    19 | D        | Reached XP level 2. HP: 15/28 MP: 2/2
   163 | D        | Noticed an ogre
   171 | D        | Killed an ogre
   171 | D        | Reached skill level 5 in Fighting
   171 | D        | Reached skill level 5 in Dodging
   171 | D        | Reached skill level 7 in Unarmed Combat
   171 | D        | Reached XP level 3. HP: 34/37 MP: 3/3
   171 | D        | Reached XP level 4. HP: 40/44 MP: 4/4
   184 | D        | Noticed Sigmund
   194 | D        | Killed Sigmund
   194 | D        | Reached skill level 9 in Unarmed Combat
   194 | D        | Reached XP level 5. HP: 44/52 MP: 5/5
   194 | D        | Reached XP level 6. HP: 50/60 MP: 6/6
   209 | D        | Found a deep blue altar of Sif Muna.
   210 | D        | Noticed a jelly
   211 | D        | Found a radiant altar of Vehumet.
   218 | D        | Killed a jelly
   231 | D        | Noticed a centaur warrior
   236 | D        | Found a snail-covered altar of Cheibriados.
   236 | D        | Found a viscous altar of Jiyva.
   236 | D        | Found a shadowy altar of Dithmenos.
   236 | D        | Found a blossoming altar of Fedhas.
   236 | D        | Noticed a slime creature
   252 | D        | Killed a slime creature
   252 | D        | Reached skill level 10 in Unarmed Combat
   491 | D        | Killed a gargoyle
   495 | D        | Noticed a kobold demonologist
   496 | D        | Noticed a kobold demonologist
   505 | D        | Killed a kobold demonologist
   505 | D        | Reached skill level 11 in Unarmed Combat
   505 | D        | Your scales start taking on an icy white colour.
   505 | D        | Gained mutation: Your flesh is cold resistant. [White Draconian growth]
   505 | D        | Reached XP level 7. HP: 64/69 MP: 7/7
   513 | D        | Noticed an orange demon
   515 | D        | Killed a kobold demonologist
   515 | D        | Reached skill level 12 in Unarmed Combat
   584 | D        | Noticed a demonic crawler
   584 | D        | Noticed a demonic crawler
   584 | D        | Noticed a demonic crawler
   584 | D        | Noticed a demonic crawler
   595 | D        | HP: 2/70 [demonic crawler (2)]
   596 | D        | Slain by a demonic crawler

Action                   |  1- 3 |  4- 6 |  7- 9 || total
-------------------------+-------+-------+-------++-------
Melee: Unarmed           |    21 |    25 |    16 ||    62
 Abil: Breathe Frost     |       |       |     1 ||     1
  Use: Potion            |       |     4 |       ||     4
 Stab: Sleeping          |     1 |     2 |       ||     3
  Eat: Bread ration      |       |       |     1 ||     1
